Map: Paladino Terminal LE

Players

SylVeR - Winner!

  • Race: Zerg Zerg
  • League: Diamond
  • Spawn Location: 9:00

Musumeci

  • Race: Zerg Zerg
  • League: Diamond
  • Spawn Location: 5:00

VOD

Have the link to the VOD?

Description

Time

  • Played on: March 12, 2017, 4:36 a.m.
  • Length: 10:08
Show
View Real Time Build Order
Export as new Build Order

SylVeR Zerg - Winner!

Build Orders: Pool First 

Get SALT Encoding   

  12  0:01  Drone  
  13  0:08  Drone  
  14  0:17  Overlord  
  14  0:26  Drone, Extractor x2  
  15  0:38  Drone x2  
  17  0:45  Drone  
  18  0:53  Spawning Pool  
  18  0:55  Extractor  
  18  0:56  Drone  
  17  1:07  Extractor  
  17  1:14  Drone  
  18  1:26  Hatchery  
  18  1:30  Drone  
  18  1:33  Drone  
  19  1:40  Overlord  
  19  1:52  Queen  
  21  2:01  Metabolic Boost  
  21  2:08  Zergling x4  
  23  2:17  Roach Warren  
  23  2:20  Drone  
  23  2:40  Drone x3  
  26  2:45  Drone  
  26  2:50  Drone  
  28  3:03  Roach  
  28  3:04  Queen  
  32  3:06  Drone x3  
  32  3:08  Overlord  
  35  3:16  Drone  
  35  3:17  Overlord  
  36  3:31  Roach x2  
  36  3:32  Roach  
  42  3:37  Roach x2  
  42  3:38  Roach  
  48  4:01  Roach  
  48  4:02  Roach x2  
  52  4:13  Overlord x2  
  52  4:14  Overlord  
  52  4:21  Spine Crawler  
  49  4:33  Roach x4  
  49  4:34  Roach  
  59  4:47  Evolution Chamber  
  59  4:50  Drone x4, Evolution Chamber  
  61  5:08  Drone x2, Extractor  
  61  5:10  Drone  
  61  5:13  Drone  
  64  5:18  Zerg Missile Weapons Level 1  
  64  5:20  Overlord  
  64  5:24  Drone x2  
  66  5:28  Queen  
  68  5:37  Lair  
  68  5:40  Drone  
  68  5:41  Drone x4  
  73  5:52  Roach x3  
  73  5:53  Roach  
  81  6:12  Roach  
  81  6:13  Overlord x3  
  83  6:26  Overlord  
  83  6:27  Drone  
  83  6:29  Extractor  
  83  6:39  Glial Reconstitution  
  83  6:41  Roach x5  
  83  6:46  Drone x2, Overlord  
  95  6:59  Drone, Extractor  
  95  7:00  Roach x4  
  103  7:13  Zergling x4  
  105  7:18  Roach  
  107  7:24  Overlord  
  107  7:25  Overlord x3  
  107  7:34  Overlord x4  
  99  7:46  Roach x2  
  93  7:54  Roach  
  93  7:55  Roach x3  
  97  8:13  Zerg Ground Armor Level 1  
  97  8:15  Drone x3  
  97  8:18  Ravager  
  97  8:19  Ravager  
  102  8:20  Hatchery  
  101  8:28  Ravager  
  102  8:40  Zergling x2  
  107  8:41  Zergling x14  
  107  8:46  Queen  
  112  9:05  Roach  
  112  9:06  Roach x6  
  112  9:08  Ravager x4  
  130  9:23  Roach x5  
  140  9:28  Overlord x2  
  136  9:42  Roach x3  
Show
View Real Time Build Order
Export as new Build Order

Musumeci Zerg 

Build Orders: Hatch First 

Get SALT Encoding   

  12  0:05  Drone  
  13  0:08  Drone  
  14  0:14  Extractor  
  14  0:15  Drone  
  15  0:44  Hatchery  
  15  0:45  Extractor  
  15  0:46  Drone  
  14  0:52  Extractor  
  14  0:53  Drone  
  15  1:03  Evolution Chamber  
  14  1:16  Spawning Pool  
  14  1:33  Overlord  
  14  1:46  Drone, Extractor  
  14  1:52  Drone x2  
  17  1:56  Drone  
  18  2:04  Metabolic Boost  
  18  2:10  Queen  
  20  2:20  Queen  
  22  2:25  Drone  
  22  2:28  Drone  
  24  2:40  Baneling Nest  
  24  2:43  Zergling x2  
  24  2:46  Overlord  
  24  2:52  Zergling x2  
  25  3:07  Zergling x2  
  25  3:08  Zergling x8  
  30  3:27  Baneling x2  
  30  3:29  Zergling x2  
  30  3:30  Zergling x8  
  35  4:06  Zergling x4  
  35  4:08  Overlord x2  
  35  4:13  Roach Warren  
  32  4:45  Drone x8  
  36  4:46  Drone x3  
  36  4:49  Extractor  
  41  5:16  Roach  
  41  5:17  Roach x4  
  41  5:18  Overlord  
  51  5:30  Drone  
  51  5:32  Overlord x2  
  54  5:42  Roach  
  54  5:43  Roach x3  
  60  5:52  Ravager  
  60  5:53  Ravager x2  
  63  5:57  Extractor  
  62  6:18  Roach x7  
  76  6:23  Overlord x2  
  76  6:33  Evolution Chamber  
  75  6:40  Ravager  
  75  6:42  Ravager  
  75  6:43  Ravager x2  
  75  6:45  Roach  
  75  6:46  Roach x2  
  80  7:43  Roach x12  
  76  8:08  Roach x5  
  76  8:09  Ravager x2  
  76  8:10  Ravager  
  87  8:16  Zergling x2  
  87  8:19  Zergling x2  
  89  8:22  Zergling x2  
  90  8:49  Roach  
  90  8:51  Overlord x3  
  90  8:52  Overlord  
  90  9:03  Ravager x3  
  90  9:09  Overlord x2  
  92  9:22  Roach  
  92  9:23  Roach x4  
  102  9:38  Ravager x4  
Tags
 
Add a new tag
Caveats
  • Supply blocks, unpowered buildings, or Contaminate may cause inaccurate times.
  • Supply counts are checked every 10 seconds.